 Dungeon Crawl Stone Soup version 0.19-a0-892-g8a19e52 (webtiles) character file.

3576 Moloch the Cleaver (level 9, 0/68 HPs)
             Began as a Demonspawn Fighter on July 4, 2016.
             Was a Follower of Okawaru.
             Slain by an unseen horror (5 damage)
             ... on level 8 of the Dungeon.
             The game lasted 00:16:05 (9066 turns).

Moloch the Cleaver (Demonspawn Fighter)             Turns: 9066, Time: 00:16:05

Health: 0/68       AC: 14    Str: 21    XL:     9   Next: 84%
Magic:  0/9        EV:  3    Int: 10    God:    Okawaru [*.....]
Gold:   379        SH:  9    Dex: 14    Spells: 0 memorised, 8 levels left

rFire  + . .     SeeInvis .     a - +0 war axe
rCold  . . .     Gourm    .     K - +0 plate armour
rNeg   . . .     Faith    .     c - +0 shield
rPois  .         Spirit   +     (no helmet)
rElec  .         Dismiss  .     v - +1 cloak
rCorr  .         Reflect  .     D - +0 pair of gloves
SustAt .         Harm     .     (no boots)
MR     .....                    x - amulet of magic regeneration
Stlth  ..........               F - ring of protection from fire
                                C - +3 ring of strength

@: not resistant to hostile enchantments, extremely unstealthy
A: hooves 2, magic shield
a: Heroism, Renounce Religion


You were on level 8 of the Dungeon.
You worshipped Okawaru.
Okawaru was aware of your devotion.
You were not hungry.

You visited 2 branches of the dungeon, and saw 9 of its levels.
You also visited: Sewer.

You collected 478 gold pieces.
You spent 99 gold pieces at shops.

Inventory:

Hand Weapons
 a - a +0 war axe (weapon)
Missiles
 l - 15 javelins (quivered)
Armour
 c - a +0 shield (worn)
 v - a +1 cloak (worn)
 D - a +0 pair of gloves (worn)
 K - a +0 plate armour (worn)
Jewellery
 x - an amulet of magic regeneration (around neck)
 C - a +3 ring of strength (left hand)
 F - a ring of protection from fire (right hand)
 I - an uncursed ring of flight
Wands
 r - a wand of lightning (0/15)
 z - a wand of polymorph (0/24)
Scrolls
 b - 2 scrolls of magic mapping {unknown}
 e - 2 scrolls of amnesia {unknown}
 h - 2 scrolls of recharging {unknown}
 j - 3 scrolls of enchant armour {unknown}
 n - 4 scrolls of noise
 o - a scroll of blinking {unknown}
 q - 6 scrolls of remove curse
 s - 2 scrolls of immolation {unknown}
 y - a scroll of enchant weapon {unknown}
 H - 2 scrolls of fear {unknown}
Potions
 d - a potion of degeneration {unknown}
 i - 2 potions of heal wounds
 p - a potion of brilliance
 t - a potion of haste {unknown}
 u - 2 potions of lignification {unknown}
 B - 4 potions of flight
 E - 2 potions of agility
 G - a potion of ambrosia {unknown}
Comestibles
 f - 5 bread rations
 g - 5 meat rations
 k - a chunk of flesh
 m - 10 fruits
 w - 2 beef jerkies


   Skills:
 + Level 5.3 Fighting
 + Level 12.2 Axes
 - Level 2.6 Armour
 - Level 2.6 Shields


You had 8 spell levels left.
You didn't know any spells.

Dungeon Overview and Level Annotations

Branches:
Dungeon (8/15)             Temple (1/1) D:6
   Lair: D:8-11

Altars:
Ashenzari
Cheibriados
Dithmenos
Elyvilon
Fedhas
Gozag
Hepliaklqana
Kikubaaqudgha
Makhleb
Nemelex Xobeh
Okawaru
Pakellas
Qazlal
Ru
Sif Muna
Trog
Uskayaw
Vehumet
Xom
Yredelemnul
The Shining One

Shops:
D:8 [


Innate Abilities, Weirdness & Mutations

You have hoof-like feet.
When hurt, damage is shared between your health and your magic reserves.


Message History

* * * LOW HITPOINT WARNING * * *
You swing at nothing.
Something hits you but does no damage. x2
You block something's attack.
Okay, then.
Your shield and plate armour prevent you from hitting something.
You kick something. Something hits you.
* * * LOW HITPOINT WARNING * * *
You swing at nothing.
Something hits you but does no damage.
You hit something. Your kick misses something.
Something hits you but does no damage. x2
You miss something. You kick something. Something hits you.
* * * LOW HITPOINT WARNING * * *
Something hits you but does no damage.
Your shield and plate armour prevent you from hitting something.
Something hits you.
* * * LOW HITPOINT WARNING * * *
Something hits you!
* * * LOW HITPOINT WARNING * * *
You hit something. Your kick misses something. Something hits you!
You die...

## #########
..
........######
. #..)[..# #.
######.## #$#
#... #>.#####
#### #.@...###
# #####...# #
###.######
#..).∩.###
#####....#
####.# #.# #
######.## #
#.......###


There were no monsters in sight!

Vanquished Creatures
  Grinder (D:3)
  Sigmund (D:5)
  A steam dragon (D:8)
  A water moccasin (D:7)
  An ice beast (D:7)
  2 black bears (D:7)
  An orc warrior (D:7)
  A necrophage (D:6)
  A phantom (D:6)
  An ogre (D:4)
  2 centaurs
  2 giant frogs (Sewer)
  3 jellies
  3 scorpions
  5 killer bees (D:8)
  A howler monkey (D:7)
  2 crimson imps
  3 giant frog skeletons (D:6)
  6 orc priests
  2 centaur skeletons
  2 hounds
  Jessica (D:3)
  5 iguanas
  Natasha (twice) (D:2)
  5 worker ants
  7 orc wizards
  Terence (D:3)
  A hound skeleton (D:7)
  A worker ant zombie (D:6)
  11 gnolls
  16 adders
  2 shadow imps
  12 oozes
  3 worms
  3 dart slugs
  19 giant geckos
  31 orcs
  11 giant cockroaches
  11 goblins
  7 hobgoblins
  4 jackals
  9 kobolds
  6 quokkas
  11 ball pythons
  5 bats
  18 giant newts
  A jackal skeleton (D:6)
  9 rats
254 creatures vanquished.

Notes
Turn   | Place    | Note
-------+----------+-------------------------------------------
     0 | D:1      | Moloch the Demonspawn Fighter began the quest for the Orb.
     0 | D:1      | Reached XP level 1. HP: 18/18 MP: 1/1
    50 | D:1      | Reached skill level 2 in Axes
   355 | D:1      | Gained mutation: When hurt, damage is shared between your health and your magic reserves. [demonic ancestry]
   355 | D:1      | Reached XP level 2. HP: 24/24 MP: 2/2
  1059 | D:2      | Reached skill level 3 in Axes
  1273 | D:2      | Gained mutation: You have large cloven feet. [demonic ancestry]
  1273 | D:2      | Reached XP level 3. HP: 21/29 MP: 0/3
  1632 | D:2      | Noticed Natasha
  1651 | D:2      | Killed Natasha
  1751 | D:2      | Noticed Natasha
  1939 | D:2      | Killed Natasha
  1939 | D:2      | Reached skill level 4 in Axes
  1939 | D:2      | Gained mutation: You have hoof-like feet. [demonic ancestry]
  1939 | D:2      | Reached XP level 4. HP: 27/35 MP: 2/4
  2124 | D:3      | Noticed Grinder
  2150 | D:2      | Reached skill level 5 in Axes
  2150 | D:2      | Reached XP level 5. HP: 4/41 MP: 1/5
  2503 | D:3      | Paralysed by Grinder for 4 turns
  2511 | D:3      | Killed Grinder
  2511 | D:3      | Reached skill level 6 in Axes
  2511 | D:3      | Reached XP level 6. HP: 22/47 MP: 3/6
  2680 | D:3      | Noticed Terence
  2684 | D:3      | Killed Terence
  2959 | D:3      | Noticed Jessica
  2968 | D:3      | Killed Jessica
  2968 | D:3      | Reached skill level 7 in Axes
  2968 | D:3      | Reached XP level 7. HP: 36/52 MP: 5/7
  4032 | D:4      | Reached skill level 8 in Axes
  4219 | D:4      | Found a white marble altar of Elyvilon.
  4250 | D:4      | Found an oddly glowing altar of Pakellas.
  4640 | D:5      | Entered Level 5 of the Dungeon
  4668 | D:5      | Found a glowing drain.
  4693 | Sewer    | Entered a sewer
  5159 | Sewer    | Reached XP level 8. HP: 58/58 MP: 8/8
  5329 | Sewer    | Reached skill level 9 in Axes
  6088 | D:5      | Noticed Sigmund
  6090 | D:5      | Killed Sigmund
  6090 | D:5      | Reached skill level 10 in Axes
  6591 | D:6      | Reached XP level 9. HP: 24/63 MP: 5/9
  6746 | D:6      | Found a staircase to the Ecumenical Temple.
  6833 | Temple   | Entered the Ecumenical Temple
  6841 | Temple   | Became a worshipper of Warmaster Okawaru
  7016 | D:6      | Reached skill level 11 in Axes
  7284 | D:7      | Found a bloodstained altar of Trog.
  7634 | D:7      | Reached * piety under Okawaru
  8668 | D:8      | Reached skill level 12 in Axes
  8741 | D:8      | Reached skill level 5 in Fighting
  9030 | D:8      | Found Veyn Vie's Antique Armour Boutique.
  9034 | D:8      | Bought a runed cloak for 99 gold pieces
  9066 | D:8      | Slain by an unseen horror

Vault maps used:
D:1:      lightli_arrival_isolated_outpost
D:2:      uniq_natasha
D:3:      first_bread, kennysheep_pointless_box, grunt_ministairs_6,
          uniq_terence, uniq_grinder, uniq_jessica
D:4:      grunt_pakellas_basics, lemuel_round_altar
D:5:      portal_sewer_entry_f, minmay_misc_feat_square, uniq_sigmund
D:7:      trog_ov_bears_minmay, corexii_checkpoint_a
D:8:      serial_shops, kennysheep_mini_moat, nicolae_shop_stone, shop
Temple:   nicolae_temple_no_exploring_needed
Sewer:    sewer_frog_island_02

Skill      XL: |  1  2  3  4  5  6  7  8  9 |
---------------+----------------------------+-----
Axes           | 2 3 4 5 6 7 8 10 12 | 12.2
Fighting       | 5 |  5.3
Armour         | |  2.6
Shields        | |  2.6

Action                   |  1- 3 |  4- 6 |  7- 9 || total
-------------------------+-------+-------+-------++-------
Melee: War axe           |   166 |   136 |   641 ||   943
       Kick              |    11 |    38 |   201 ||   250
Throw: Javelin           |       |       |     4 ||     4
Invok: Heroism           |       |       |     1 ||     1
Evoke: Wand              |       |       |    12 ||    12
  Use: Potion            |     1 |     1 |     2 ||     4
       Scroll            |       |       |     7 ||     7
  Eat: Chunk             |     2 |     5 |    22 ||    29
Armor: Scale mail        |    15 |       |       ||    15
       Chain mail        |    84 |    69 |   270 ||   423
       Plate armour      |       |       |    49 ||    49
Dodge: Dodged            |    36 |    13 |    86 ||   135
Block: Shield            |    98 |    62 |   327 ||   487
